Map: Lightshade LE

Players

Mineral

  • Race: Terran Terran
  • League: Diamond

YouGoudaLose - Winner!

  • Race: Terran Terran
  • League: Diamond

VOD

Have the link to the VOD?

Description

Time

  • Played on: June 17, 2021, 6:38 p.m.
  • Length: 32:44
Show
View Real Time Build Order
Export as new Build Order

Mineral Terran 

Build Orders: Gas First Reaper Expand 

Get SALT Encoding   

  12  0:01  SCV  
  13  0:14  SCV  
  14  0:17  Supply Depot  
  14  0:26  SCV  
  14  0:28  Refinery  
  15  0:39  SCV  
  16  0:45  Barracks  
  16  0:51  SCV  
  17  1:03  SCV  
  18  1:15  SCV  
  19  1:32  Reaper  
  20  1:35  Orbital Command  
  20  1:45  Command Center  
  20  1:57  Supply Depot  
  20  2:07  Reaper, Factory  
  21  2:17  SCV  
  22  2:23  Refinery  
  22  2:29  SCV  
  23  2:46  Bunker  
  23  2:47  Bunker  
  23  2:48  Marine  
  23  2:50  Bunker  
  24  2:52  Widow Mine  
  26  3:06  Marine  
  26  3:08  Orbital Command  
  26  3:12  SCV  
  28  3:13  Hellion  
  29  3:23  Orbital Command  
  26  4:06  SCV x2  
  28  4:11  Barracks Reactor  
  30  4:17  Widow Mine  
  30  4:18  SCV x2  
  32  4:30  SCV x2  
  34  4:39  Starport  
  34  4:42  SCV x2  
  36  4:46  Factory Tech Lab  
  36  4:53  Marine x2  
  36  4:54  SCV x2  
  40  5:06  SCV x2  
  42  5:07  Siege Tank  
  42  5:11  Marine  
  42  5:13  Supply Depot  
  46  5:16  Supply Depot  
  46  5:18  Starport Tech Lab  
  46  5:19  Barracks  
  46  5:29  Command Center  
  46  5:33  Barracks, SCV x2  
  46  5:34  Marine x2  
  45  5:51  SCV x2  
  45  5:52  Marine x2  
  45  5:53  Refinery  
  45  5:54  Refinery  
  49  6:03  SCV x2  
  51  6:10  Marine x2  
  53  6:23  Raven  
  55  6:27  Marine x2  
  55  6:28  Factory Tech Lab  
  55  6:29  SCV x2  
  55  6:32  Engineering Bay  
  60  6:34  Supply Depot  
  60  6:35  Supply Depot  
  60  6:36  Stimpack  
  60  6:38  Engineering Bay  
  60  6:39  Marine x2  
  61  6:45  Marine x2  
  63  6:57  Marine x2  
  63  6:59  SCV x2  
  67  7:03  Marine x2  
  69  7:11  SCV x2  
  69  7:12  Orbital Command  
  69  7:15  Siege Tank  
  74  7:16  Marine  
  74  7:21  Barracks Reactor  
  75  7:23  SCV x2  
  75  7:27  Starport Reactor  
  77  7:31  Missile Turret  
  77  7:34  Marine x3  
  77  7:35  SCV x2  
  82  7:47  Siege Tank, SCV  
  81  7:52  Marine x3  
  78  8:10  Marine x3  
  78  8:11  Marine x2  
  81  8:13  Viking x2  
  81  8:16  Orbital Command  
  85  8:22  Engineering Bay  
  85  8:25  Engineering Bay  
  85  8:32  Supply Depot x2  
  79  8:51  Supply Depot  
  79  8:53  Marine  
  79  8:54  Viking x2, Siege Tank  
  80  9:11  SCV  
  80  9:13  SCV  
  72  9:23  Orbital Command, SCV  
  72  9:24  Viking x2, Marine x3  
  75  9:25  Marine x2  
  77  9:55  Viking x2  
  81  10:03  SCV x2  
  80  10:15  SCV x2  
  82  10:27  Orbital Command  
  71  10:50  Marine x3  
  71  10:52  SCV  
  71  10:53  SCV x2  
  71  10:56  Viking x2  
  81  11:02  Refinery  
  81  11:04  SCV  
  81  11:05  SCV x2  
  81  11:06  Marine  
  85  11:20  Supply Depot  
  85  11:21  Supply Depot  
  85  11:23  Refinery, Supply Depot, Marine x3, SCV  
  89  11:26  Viking x2  
  89  11:28  Refinery  
  89  11:31  Armory  
  93  11:33  Starport  
  93  11:35  Missile Turret  
  93  11:37  Missile Turret  
  93  11:38  Missile Turret  
  93  11:41  Missile Turret  
  93  11:56  Viking  
  93  12:00  Command Center  
  97  12:05  SCV  
  97  12:06  SCV  
  99  12:10  Missile Turret x2  
  99  12:16  Missile Turret  
  99  12:18  Viking x2, Missile Turret  
  101  12:23  Supply Depot  
  101  12:24  Supply Depot  
  101  12:26  Viking, Missile Turret, Supply Depot  
  78  12:48  SCV  
  78  12:49  SCV x2  
  78  12:58  Viking x2  
  78  13:00  SCV  
  78  13:01  SCV x2  
  87  13:13  Orbital Command, SCV x3  
  90  13:21  Terran Ship Weapons Level 1  
  90  13:22  Starport Reactor  
  90  13:25  SCV x3  
  91  13:31  Armory  
  91  13:34  Viking  
  91  13:35  Viking  
  91  13:37  SCV x3  
  91  13:38  Orbital Command  
  98  13:46  Command Center  
  98  13:49  SCV x2  
  98  13:52  Factory  
  98  13:54  Refinery, Marine  
  98  13:55  Marine x4  
  105  13:57  Refinery  
  105  14:04  Viking  
  105  14:05  Viking  
  105  14:09  Viking x2  
  113  14:12  Marine x2  
  113  14:13  Marine  
  114  14:34  Viking x2  
  118  14:39  Viking x2  
  120  14:51  SCV x2  
  109  15:03  SCV x2  
  111  15:08  Siege Tank  
  111  15:09  Marine  
  111  15:10  Marine  
  116  15:16  SCV  
  117  15:24  Refinery  
  117  15:25  Orbital Command  
  117  15:28  SCV  
  118  15:40  SCV  
  118  15:41  Siege Tank  
  122  15:58  Viking x4  
  122  16:01  SCV x3  
  133  16:13  Siege Tank, SCV  
  136  16:28  Viking x2  
  138  16:49  Orbital Command  
  127  17:04  Orbital Command  
  127  17:14  Factory Tech Lab  
  119  17:56  Supply Depot  
  119  17:57  Supply Depot x2, Refinery  
  113  18:17  Marine x3  
  113  18:18  Siege Tank x2, Marine x2, SCV  
  113  18:19  SCV  
  126  18:31  Viking  
  132  18:34  Refinery  
  132  18:35  Marine  
  132  18:36  Refinery  
  132  18:37  Marine x4  
  133  18:43  Supply Depot  
  133  18:45  Supply Depot  
  133  18:53  Barracks  
  133  18:54  Supply Depot  
  133  18:56  Supply Depot  
  133  19:05  Siege Tank x2, Marine x2  
  133  19:06  Viking, Liberator x2  
  149  19:11  Missile Turret  
  149  19:13  Missile Turret  
  149  19:14  Missile Turret  
  149  19:15  Marine x3  
  152  19:18  Missile Turret  
  152  19:21  Missile Turret  
  152  19:23  Marine x2  
  154  19:28  Orbital Command  
  154  19:33  Marine x3  
  154  19:35  Command Center  
  154  19:37  Siege Tank x2  
  163  19:40  Marine  
  164  19:56  Missile Turret  
  164  20:01  Liberator  
  149  20:09  Siege Tank x2  
  151  20:22  SCV x3  
  154  20:34  Marine x5, SCV x3  
  162  20:39  Supply Depot  
  162  20:40  Supply Depot  
  162  20:41  Siege Tank  
  165  20:47  Siege Tank, SCV x2  
  170  20:52  Marine x5  
  175  21:00  Command Center  
  175  21:05  Barracks Tech Lab  
  175  21:09  Marine  
  175  21:10  Marine x4  
  180  21:13  Siege Tank  
  179  21:19  Siege Tank  
  181  21:31  Orbital Command  
  171  21:46  Siege Tank  
  162  21:51  Siege Tank  
  160  22:00  Planetary Fortress  
  160  22:02  SCV x3  
  163  22:14  SCV x3  
  162  22:18  Siege Tank  
  165  22:23  Siege Tank  
  156  22:50  Siege Tank  
  145  22:55  Siege Tank  
  142  23:08  Viking  
  142  23:09  Viking x3  
  142  23:10  SCV  
  142  23:22  Siege Tank  
  116  23:28  Siege Tank  
  108  23:38  Viking  
  108  23:39  Viking x3  
  116  23:45  Marine  
  116  23:46  Marauder  
  109  23:54  Siege Tank  
  109  24:04  Refinery x2  
  109  24:08  Viking, Marauder  
  109  24:09  Viking x3  
  107  24:17  Command Center  
  98  24:28  Siege Tank x2  
  98  24:29  Marauder  
  105  24:50  Marauder  
  107  25:00  Siege Tank x2  
  107  25:02  Refinery  
  107  25:06  Refinery  
  102  25:11  Liberator x4  
  102  25:12  Marauder  
  100  25:35  Siege Tank  
  103  25:54  Viking  
  105  25:57  Planetary Fortress  
  85  26:31  Viking x4  
  91  27:01  Liberator, Viking x3  
  93  27:13  Orbital Command  
  91  27:41  Marine  
  91  27:42  Marine x4  
  96  27:58  Viking x2  
  97  27:59  Marine  
  97  28:00  Marine x4  
  102  28:17  Marine  
  100  28:25  Marine  
  100  28:26  Marine x3  
  104  28:27  Siege Tank x2  
  110  28:35  Marine  
  111  28:43  Marine x2  
  111  28:44  Orbital Command  
  94  28:57  Viking x4  
  94  29:01  Orbital Command  
  93  29:15  Marine, Siege Tank x2  
  93  29:16  Marine x4  
  104  29:30  SCV x2  
  104  29:31  SCV x2  
  108  29:33  Marine  
  108  29:34  Marine  
  108  29:35  Marine  
  111  29:42  SCV  
  111  29:43  SCV x2  
  108  30:20  Marine  
  108  30:21  Marine x4  
  112  30:38  Marine  
  112  30:39  Marine x4  
  92  30:47  Viking  
  74  30:56  Marine  
  74  30:57  Marine x4  
  79  31:11  Refinery  
  79  31:12  Refinery  
  79  31:13  Factory Tech Lab  
  79  31:14  Marine  
  79  31:17  Refinery  
  74  31:18  Refinery  
  63  31:52  Viking  
Show
View Real Time Build Order
Export as new Build Order

YouGoudaLose Terran - Winner!

Build Orders:  

Get SALT Encoding   

  12  0:01  SCV  
  13  0:16  SCV  
  14  0:29  Supply Depot  
  14  0:30  SCV  
  15  0:37  Refinery  
  15  0:50  SCV  
  15  0:52  Barracks  
  16  1:02  SCV  
  17  1:09  Refinery  
  17  1:27  Barracks  
  17  1:29  Barracks  
  17  1:41  Supply Depot  
  17  1:42  Reaper  
  18  1:48  SCV  
  19  2:00  SCV  
  20  2:12  SCV  
  20  2:14  Reaper  
  22  2:16  Reaper  
  22  2:17  Reaper  
  24  2:23  Supply Depot  
  24  2:26  SCV  
  25  2:39  SCV  
  26  3:01  Command Center  
  26  3:16  Orbital Command  
  25  3:42  SCV  
  25  3:46  Factory  
  25  3:47  Barracks Tech Lab x2  
  26  3:53  Barracks Tech Lab  
  26  3:54  SCV  
  24  4:06  SCV  
  24  4:07  Engineering Bay  
  24  4:08  Supply Depot  
  25  4:14  Marauder  
  27  4:22  Marauder  
  29  4:28  Marauder  
  31  4:38  Starport  
  31  4:53  Factory Tech Lab  
  31  4:57  SCV  
  31  4:59  Orbital Command  
  32  5:02  Refinery  
  35  5:09  SCV  
  33  5:16  Starport  
  33  5:19  Starport Tech Lab  
  33  5:22  Fusion Core, SCV  
  33  5:23  Refinery  
  30  5:49  SCV x2  
  30  5:58  Starport Tech Lab  
  30  6:00  Supply Depot  
  30  6:01  SCV x2  
  32  6:10  Supply Depot  
  32  6:13  SCV x2  
  34  6:21  Battlecruiser  
  34  6:25  SCV  
  41  6:27  Battlecruiser  
  47  6:39  SCV x2  
  49  6:43  Marine x3  
  49  6:45  Siege Tank  
  55  6:51  SCV x2  
  57  7:03  SCV x2  
  59  7:09  Weapon Refit  
  59  7:14  Marine x3  
  62  7:52  Bunker  
  62  8:13  Battlecruiser  
  62  8:14  Battlecruiser  
  73  8:28  Factory  
  73  8:29  Factory  
  73  8:37  Bunker  
  73  9:23  Factory Tech Lab  
  73  9:24  Factory Tech Lab  
  73  9:28  Command Center  
  73  9:33  Command Center  
  73  9:34  Command Center  
  73  10:18  Armory  
  73  10:21  Supply Depot, SCV  
  74  10:30  Battlecruiser  
  69  10:57  Battlecruiser  
  75  11:04  Supply Depot  
  75  11:06  Supply Depot  
  75  11:07  Thor x3, Engineering Bay  
  93  11:31  Supply Depot  
  93  11:34  Battlecruiser  
  99  11:43  Planetary Fortress  
  99  11:44  Planetary Fortress  
  99  11:50  Siege Tank  
  102  11:57  Siege Tank  
  102  12:00  Marine  
  102  12:01  Marine x2  
  108  12:03  SCV x2  
  108  12:08  Planetary Fortress  
  110  12:13  Refinery  
  110  12:15  SCV x2  
  112  12:16  Siege Tank  
  112  12:18  Marine x2  
  112  12:19  Marine  
  118  12:27  SCV x2  
  120  12:39  SCV x2  
  122  13:02  SCV  
  122  13:04  SCV  
  124  13:06  Refinery  
  124  13:07  Refinery, SCV  
  124  13:12  SCV  
  126  13:14  SCV  
  126  13:16  Supply Depot, SCV  
  126  13:18  Supply Depot  
  126  13:19  SCV  
  129  13:24  SCV  
  129  13:26  SCV  
  131  13:28  SCV  
  131  13:31  SCV  
  133  13:36  SCV  
  133  13:37  SCV  
  133  13:38  SCV  
  133  13:40  SCV  
  137  13:43  SCV  
  137  13:48  SCV  
  139  13:49  SCV  
  139  13:50  SCV  
  139  13:52  SCV  
  139  13:55  SCV  
  143  14:00  SCV  
  143  14:01  SCV  
  145  14:03  SCV  
  145  14:04  SCV  
  145  14:07  SCV  
  148  14:12  SCV  
  148  14:13  SCV  
  148  14:15  SCV  
  151  14:27  SCV  
  152  14:39  SCV  
  123  15:00  Thor x3  
  135  15:07  Missile Turret  
  135  15:09  Missile Turret  
  135  15:10  Missile Turret  
  135  15:11  Missile Turret  
  135  15:12  Missile Turret  
  135  15:15  Missile Turret  
  135  15:16  Refinery  
  135  15:17  Refinery  
  135  15:24  Ghost Academy x2  
  135  15:28  Refinery  
  135  15:43  Thor  
  141  16:03  Siege Tank x2  
  145  16:26  Siege Tank  
  147  16:35  Siege Tank  
  147  16:46  Nuke, Personal Cloaking  
  147  16:49  Liberator  
  129  17:08  SCV x3  
  128  17:09  SCV  
  128  17:15  Siege Tank x3  
  138  17:20  Ghost  
  138  17:21  Ghost x2, SCV  
  138  17:32  Liberator  
  138  17:33  SCV  
  129  17:57  SCV x3  
  129  17:58  SCV  
  133  18:09  SCV x2  
  133  18:10  SCV  
  133  18:12  Nuke  
  136  18:17  Missile Turret  
  136  18:18  Refinery  
  136  18:44  SCV  
  136  18:45  Command Center  
  137  18:49  Thor x3  
  155  18:56  SCV  
  155  18:58  Sensor Tower  
  155  19:00  Sensor Tower  
  156  19:06  Nuke  
  156  19:08  SCV  
  155  19:32  Thor x2  
  167  19:50  Thor  
  171  19:56  Battlecruiser x2  
  142  20:15  Thor x2  
  148  20:31  Command Center  
  148  20:32  Command Center  
  148  20:33  Thor  
  154  20:35  Command Center  
  154  20:47  SCV  
  155  20:58  Siege Tank x2  
  155  20:59  SCV  
  155  21:01  Battlecruiser x2  
  174  21:43  Siege Tank x3, SCV  
  172  21:55  SCV  
  173  22:07  SCV  
  174  22:15  Siege Tank  
  172  22:20  Siege Tank x2  
  170  22:47  Siege Tank  
  143  22:52  Siege Tank  
  143  22:53  Siege Tank  
  143  23:19  Siege Tank  
  146  23:24  Thor x2  
  146  23:51  Thor  
  146  23:52  Liberator  
  146  23:53  Battlecruiser  
  161  24:14  Thor  
  158  24:38  Refinery  
  158  24:39  Siege Tank x2  
  158  24:40  Refinery  
  158  25:15  Planetary Fortress  
  152  25:31  Refinery  
  152  25:34  Refinery  
  152  25:37  Thor x2, Missile Turret  
  152  25:38  Missile Turret  
  164  25:43  SCV  
  162  25:52  Ghost  
  162  25:55  SCV  
  165  26:03  Battlecruiser  
  171  26:08  SCV  
  172  26:20  SCV  
  161  26:32  SCV  
  144  26:36  Thor x2  
  156  26:45  Missile Turret  
  156  26:56  Hellion  
  156  27:00  Barracks  
  156  27:01  Barracks  
  158  27:02  Barracks  
  158  27:03  Barracks  
  158  27:04  Barracks  
  145  27:16  Battlecruiser  
  145  27:18  Hellion  
  145  27:20  Hellion x2  
  145  27:21  Nuke x2  
  157  27:25  Planetary Fortress  
  157  27:39  Hellion  
  154  27:53  Marine x4  
  158  28:11  Marine x3  
  162  28:13  Barracks Tech Lab  
  161  28:29  Marine x3  
  152  28:47  Marine x2  
  137  29:06  Battlecruiser  
  137  29:07  Battlecruiser  
  136  29:18  Missile Turret  
  136  29:30  Stimpack  
  136  29:32  Marine x4  
  132  29:50  Marine x4  
  136  29:54  Marine  
  136  29:55  Marine x2  
  132  30:07  Marine  
  132  30:08  Marine x3  
  132  30:11  Battlecruiser  
  132  30:12  Marine x3  
  142  30:20  Planetary Fortress  
  142  30:25  Marine  
  142  30:26  Marine x3  
  146  30:30  Marine x3  
  149  30:43  Marine x4  
  149  30:48  Marine x3  
  149  31:01  Marine x4  
  153  31:06  Marine x3  
  156  31:19  Marine x3  
  156  31:23  Marine  
  156  31:24  Marine x2  
  147  31:30  Battlecruiser x2  
  158  31:36  Marine  
  158  31:37  Marine x2  
  161  31:41  Refinery, Marine x3  
  161  31:42  Marine  
  161  31:43  Refinery  
  165  31:54  Marine  
  165  31:55  Marine x2  
  165  31:59  Marine x3  
Tags
 
Add a new tag
Caveats
  • Supply blocks, unpowered buildings, or Contaminate may cause inaccurate times.
  • Supply counts are checked every 10 seconds.